[Event "Niedersachsen-ch 2020"]
[Site "Verden-Aller"]
[Date "2020.01.02"]
[Round "1.1"]
[White "Payyappat, Sreyas"]
[Black "Abel, Dennes"]
[Result "0-1"]
[ECO "B11"]
[WhiteElo "2166"]
[BlackElo "2463"]
[Annotator "RC"]
[PlyCount "102"]
[EventDate "2020.01.02"]
[EventType "swiss"]
[EventCountry "GER"]
[SourceTitle "playchess.com"]
[Source "ChessBase"]
[SourceQuality "1"]
[TimeControl "40/5400+30:1800+30"]

1. e4 c6 2. Nf3 d5 3. Nc3 Bg4 4. exd5 cxd5 5. Bb5+ Nc6 6. d4 Nf6 7. O-O e6 8. Re1 Rc8 9. Bf4 Bb4 10. Qd3 Bxf3 11. Qxf3 a6 12. Bxc6+ Rxc6 13. Re3 O-O 14. Bg5 h6 15. Bxf6 Qxf6 16. Qxf6 gxf6 17. Rg3+ Kh7 18. Re1 Bxc3 19. bxc3 Rfc8 20. Ree3 Rb6 21. f4 f5 22. Rgf3 Rb2 23. Rf2 Rxa2 24. g4 Rg8 25. g5 h5 26. c4 dxc4 27. d5 exd5 28. Re7 Kg6 29. Rxb7 Re8 30. Rd7 Ra1+ 31. Kg2 Rd1 32. Rd6+ Re6 33. Rxe6+ fxe6 34. Re2 Kf7 35. Kh3 c3 36. g6+ Kxg6 37. Rxe6+ Kf7 38. Rxa6 d4 39. Rc6 Ke7 40. Kh4 Kd7 41. Rc4 Kd6 42. Kg5 Kd5 43. Rc8 Rd2 44. Rd8+ Kc4 45. Rc8+ Kb4 46. Rd8 d3 47. cxd3 c2 48. Rc8 Rxh2 49. d4 Kb3 50. Kxf5 Rh3 51. Rb8+ Ka2 0-1

[Event "Niedersachsen-ch 2020"]
[Site "Verden-Aller"]
[Date "2020.01.02"]
[Round "1.2"]
[White "Voege, Tobias"]
[Black "Haerig, Wilfried"]
[Result "1-0"]
[ECO "A36"]
[WhiteElo "2310"]
[BlackElo "2161"]
[Annotator "ChessBase"]
[PlyCount "115"]
[EventDate "2020.01.02"]
[EventType "swiss"]
[EventCountry "GER"]
[SourceTitle "playchess.com"]
[Source "ChessBase"]
[SourceQuality "1"]
[TimeControl "40/5400+30:1800+30"]

1. c4 c5 2. Nc3 Nc6 3. g3 b6 4. Bg2 Bb7 5. e4 g6 6. Nge2 Bg7 7. d3 d6 8. a3 e6 9. Rb1 Nge7 10. h4 O-O 11. h5 Nd4 12. Bg5 Qd7 13. Qd2 Nef5 14. Nxd4 cxd4 15. Ne2 f6 16. g4 fxg5 17. gxf5 exf5 18. Qxg5 Rae8 19. f3 Re5 20. hxg6 fxe4 21. Qh4 hxg6 22. Qh7+ Kf7 23. fxe4 Rh8 24. O-O+ Rf5 25. Qxh8 Bxh8 26. exf5 gxf5 27. Bxb7 Qxb7 28. Rxf5+ Ke6 29. Ng3 Be5 30. Re1 Qg7 31. Rf3 Kd7 32. Kg2 Qg5 33. Ref1 Kc6 34. b4 b5 35. R1f2 Kb6 36. Rc2 Qg6 37. c5+ dxc5 38. Rxc5 Bxg3 39. Rxg3 Qe6 40. Kf2 Qa2+ 41. Kf3 Qe6 42. Rcg5 Qe3+ 43. Kg4 Qd2 44. Kf5 a5 45. Rg6+ Kb7 46. Rg7+ Kc8 47. Rh3 Qf2+ 48. Ke6 Qf8 49. Rhh7 Qe8+ 50. Kd6 Qd8+ 51. Kc5 Qf8+ 52. Kxb5 Qe8+ 53. Kxa5 Qe5+ 54. b5 Qe1+ 55. Ka6 Qe6+ 56. b6 Qe8 57. Rc7+ Kd8 58. Kb7 1-0

[Event "Niedersachsen-ch 2020"]
[Site "Verden-Aller"]
[Date "2020.01.02"]
[Round "1.3"]
[White "Boehme, Arne"]
[Black "Hampel, Felix"]
[Result "1/2-1/2"]
[ECO "B06"]
[WhiteElo "2158"]
[BlackElo "2290"]
[Annotator "ChessBase"]
[PlyCount "139"]
[EventDate "2020.01.02"]
[EventType "swiss"]
[EventCountry "GER"]
[SourceTitle "playchess.com"]
[Source "ChessBase"]
[SourceQuality "1"]
[TimeControl "40/5400+30:1800+30"]

1. e4 g6 2. d4 Bg7 3. c3 d6 4. Nf3 Nf6 5. Nbd2 O-O 6. h3 Nc6 7. Bd3 e5 8. O-O Nh5 9. Nb3 a5 10. a4 h6 11. Re1 Qf6 12. Bf1 Nf4 13. Kh2 g5 14. d5 Nb8 15. g3 Ng6 16. Be3 Qe7 17. Bg2 g4 18. Ng1 h5 19. hxg4 hxg4 20. f3 gxf3 21. Bxf3 f5 22. exf5 Bxf5 23. Bg4 Qd7 24. Bxf5 Qxf5 25. Rf1 Qe4 26. Rxf8+ Nxf8 27. Qf3 Qg6 28. Nd2 Nbd7 29. Nh3 Nh7 30. Kg2 Ndf6 31. Nf2 Rf8 32. Rh1 e4 33. Nfxe4 Nxd5 34. Qe2 Re8 35. Qc4 c6 36. Bf4 Be5 37. Rh6 Qg7 38. Rh4 Bxf4 39. Rxf4 Kh8 40. Rf3 Qe5 41. Qd4 Qxd4 42. cxd4 Re6 43. Rf7 Nhf6 44. Nxf6 Nxf6 45. Nc4 b5 46. Nxa5 Kg8 47. Rb7 Re2+ 48. Kh3 bxa4 49. Nxc6 Nd5 50. Kh4 Rc2 51. Nd8 Rd2 52. Ne6 Re2 53. Nf4 Nxf4 54. gxf4 Re4 55. Kg5 Rxd4 56. f5 Rd2 57. Kf6 Rf2 58. Rb8+ Kh7 59. Ke6 d5 60. f6 Re2+ 61. Kf7 Rc2 62. Rb4 Rc7+ 63. Ke6 Rc6+ 64. Ke5 Kg6 65. Rg4+ Kf7 66. Rg7+ Kf8 67. Ra7 Rb6 68. Rxa4 Rxb2 69. Kxd5 Kf7 70. Ke4 1/2-1/2

[Event "Niedersachsen-ch 2020"]
[Site "Verden-Aller"]
[Date "2020.01.02"]
[Round "1.4"]
[White "Polster, Christian"]
[Black "Riemay, David"]
[Result "0-1"]
[ECO "B08"]
[WhiteElo "2279"]
[BlackElo "2139"]
[Annotator "ChessBase"]
[PlyCount "75"]
[EventDate "2020.01.02"]
[EventType "swiss"]
[EventCountry "GER"]
[SourceTitle "playchess.com"]
[Source "ChessBase"]
[SourceQuality "1"]
[TimeControl "40/5400+30:1800+30"]

1. e4 d6 2. d4 Nf6 3. Nc3 g6 4. h3 Bg7 5. Nf3 O-O 6. Be3 a6 7. e5 Nfd7 8. exd6 cxd6 9. Be2 b5 10. O-O Bb7 11. a4 b4 12. Na2 a5 13. c3 bxc3 14. bxc3 Nb6 15. Qb3 N8d7 16. c4 Rb8 17. Qc3 Nc5 18. Rab1 Be4 19. Rb5 Bc6 20. Qxa5 Bxb5 21. dxc5 Bxc4 22. cxb6 Bxe2 23. Rb1 Bxf3 24. gxf3 Qd7 25. Qb5 Qxh3 26. Nb4 Qxf3 27. Nc6 f5 28. Nxb8 f4 29. Nd7 fxe3 30. Qb3+ d5 31. Qxe3 Qg4+ 32. Qg3 Qe4 33. Rb3 Rc8 34. Qf3 Rc1+ 35. Kg2 Qe1 36. Qxd5+ e6 37. Qa8+ Kf7 38. Ne5+ 0-1

[Event "Niedersachsen-ch 2020"]
[Site "Verden-Aller"]
[Date "2020.01.02"]
[Round "1.5"]
[White "Schulz, Daniel"]
[Black "Schulze, Torben"]
[Result "0-1"]
[ECO "A41"]
[WhiteElo "2130"]
[BlackElo "2266"]
[Annotator "ChessBase"]
[PlyCount "70"]
[EventDate "2020.01.02"]
[EventType "swiss"]
[EventCountry "GER"]
[SourceTitle "playchess.com"]
[Source "ChessBase"]
[SourceQuality "1"]
[TimeControl "40/5400+30:1800+30"]

1. Nf3 d6 2. d4 Bg4 3. c4 c6 4. g3 Bxf3 5. exf3 d5 6. Nc3 e6 7. Bf4 dxc4 8. Bxc4 Nf6 9. Qb3 b5 10. Be2 Nd5 11. Bd2 Nd7 12. a4 a6 13. Nxd5 exd5 14. Qe3+ Be7 15. Bb4 Nb6 16. b3 bxa4 17. bxa4 a5 18. Bc5 Nc8 19. O-O O-O 20. Rfc1 Rb8 21. Bxe7 Nxe7 22. Rab1 Qd6 23. Qc3 Rb4 24. Rxb4 axb4 25. Qb3 Nf5 26. Rd1 Ra8 27. Bf1 g6 28. Kg2 Qb8 29. Rd2 Qb6 30. Rb2 Qxd4 31. Qxb4 Rxa4 32. Qb8+ Kg7 33. Rb7 Ra2 34. Rxf7+ Kxf7 35. Qc7+ Ne7 0-1

[Event "Niedersachsen-ch 2020"]
[Site "Verden-Aller"]
[Date "2020.01.02"]
[Round "1.6"]
[White "Ewert, Hannes"]
[Black "Ermel, Dirk"]
[Result "1/2-1/2"]
[ECO "A06"]
[WhiteElo "2256"]
[BlackElo "2125"]
[Annotator "ChessBase"]
[PlyCount "88"]
[EventDate "2020.01.02"]
[EventType "swiss"]
[EventCountry "GER"]
[SourceTitle "playchess.com"]
[Source "ChessBase"]
[SourceQuality "1"]
[TimeControl "40/5400+30:1800+30"]

1. Nf3 d5 2. g3 Nf6 3. c4 c6 4. Bg2 e6 5. b3 Nbd7 6. Bb2 Be7 7. O-O O-O 8. Qc2 Re8 9. d3 b6 10. Nc3 Bb7 11. e4 Qc7 12. e5 Ng4 13. d4 Rac8 14. Rad1 Qb8 15. Rfe1 c5 16. cxd5 cxd4 17. dxe6 fxe6 18. Rxd4 Bxf3 19. Bxf3 Ngxe5 20. Bg2 Rf8 21. Qd1 Bc5 22. Rd2 Nd3 23. Ne4 Nxb2 24. Rxb2 Bb4 25. Rf1 Nf6 26. Qe2 Qe5 27. Nxf6+ Qxf6 28. Be4 Bc5 29. Kg2 e5 30. h4 Bd4 31. Rd2 Rfd8 32. Qg4 Bc5 33. Re2 Rc7 34. Rc2 Rcd7 35. Rc3 Rd2 36. Rf3 Qe7 37. Qf5 g6 38. Qg4 Rf8 39. h5 Rxf3 40. Bxf3 Kg7 41. a4 Qd7 42. hxg6 hxg6 43. Qxd7+ Rxd7 44. Rd1 Rxd1 1/2-1/2

[Event "Niedersachsen-ch 2020"]
[Site "Verden-Aller"]
[Date "2020.01.02"]
[Round "1.7"]
[White "Hartogh, Christian"]
[Black "Hoerstmann, Rudi"]
[Result "1-0"]
[ECO "B06"]
[WhiteElo "2075"]
[BlackElo "2241"]
[Annotator "ChessBase"]
[PlyCount "113"]
[EventDate "2020.01.02"]
[EventType "swiss"]
[EventCountry "GER"]
[SourceTitle "playchess.com"]
[Source "ChessBase"]
[SourceQuality "1"]
[TimeControl "40/5400+30:1800+30"]

1. e4 g6 2. d4 Bg7 3. Nc3 d6 4. Be3 a6 5. Qd2 b5 6. O-O-O Nd7 7. g4 Bb7 8. f3 Rc8 9. Kb1 c6 10. h4 h6 11. Nh3 Qc7 12. h5 g5 13. f4 gxf4 14. Bxf4 b4 15. Ne2 c5 16. d5 Nb6 17. Qd3 Nf6 18. g5 hxg5 19. Nxg5 Rxh5 20. Bh3 Rb8 21. Qg3 Nbxd5 22. exd5 Bxd5 23. Rxd5 Nxd5 24. Bd7+ Kxd7 25. Rxh5 Bf6 26. Ne4 Qc6 27. Bxd6 exd6 28. Rxd5 Be7 29. Qf3 Rf8 30. Nxc5+ Ke8 31. Nd4 Qc8 32. Nd3 Rg8 33. Nf5 Rg1+ 34. Nc1 Qe6 35. Nxe7 Kxe7 36. Rd1 Rxd1 37. Qxd1 Qe4 38. Qe2 f5 39. Qxe4+ fxe4 40. Ne2 Ke6 41. Kc1 Ke5 42. Kd2 d5 43. Ke3 a5 44. Nd4 Kd6 45. b3 Kc5 46. Nf5 a4 47. bxa4 Kc4 48. Nd4 Kc5 49. a5 Kd6 50. Nb3 Kc6 51. Kd4 Kb5 52. Kxd5 e3 53. Ke4 e2 54. Nd4+ Kxa5 55. Nxe2 Ka4 56. Kd4 Ka3 57. Kc4 1-0

[Event "Niedersachsen-ch 2020"]
[Site "Verden-Aller"]
[Date "2020.01.02"]
[Round "1.8"]
[White "Mueer, Sebastian"]
[Black "Bertram, Karsten"]
[Result "1-0"]
[ECO "B22"]
[WhiteElo "2223"]
[BlackElo "2058"]
[Annotator "ChessBase"]
[PlyCount "69"]
[EventDate "2020.01.02"]
[EventType "swiss"]
[EventCountry "GER"]
[SourceTitle "playchess.com"]
[Source "ChessBase"]
[SourceQuality "1"]
[TimeControl "40/5400+30:1800+30"]

1. e4 c5 2. c3 d5 3. exd5 Qxd5 4. Nf3 Nc6 5. Na3 Bg4 6. Be2 e5 7. d3 Bf5 8. Nc4 Bg6 9. Qa4 O-O-O 10. Be3 Kb8 11. Ncxe5 Nxe5 12. Nxe5 Bd6 13. Nf3 Nf6 14. O-O Rhe8 15. b4 Ng4 16. Bg5 f6 17. bxc5 Rxe2 18. cxd6 fxg5 19. Qxg4 Rxd6 20. Nxg5 Qxd3 21. Qf4 Ka8 22. Qf8+ Re8 23. Qxg7 Rd7 24. Qf6 Rd5 25. Rfe1 Rc8 26. Rac1 a5 27. Nf3 Rd6 28. Qf4 Rd5 29. Ne5 Qa6 30. c4 Rdc5 31. Nd7 Rf5 32. Qd4 Rg8 33. Nb6+ Kb8 34. Re7 Be8 35. Qd8+ 1-0

[Event "Niedersachsen-ch 2020"]
[Site "Verden-Aller"]
[Date "2020.01.02"]
[Round "1.9"]
[White "Benning, Michael"]
[Black "Cevik, Dietmar"]
[Result "1/2-1/2"]
[ECO "D00"]
[WhiteElo "1905"]
[BlackElo "2239"]
[Annotator "ChessBase"]
[PlyCount "83"]
[EventDate "2020.01.02"]
[EventType "swiss"]
[EventCountry "GER"]
[SourceTitle "playchess.com"]
[Source "ChessBase"]
[SourceQuality "1"]
[TimeControl "40/5400+30:1800+30"]

1. d4 d5 2. Bf4 Nf6 3. e3 e6 4. c3 Be7 5. Nd2 O-O 6. Bd3 b6 7. Qe2 c5 8. Ngf3 Bb7 9. Ne5 Nc6 10. Bg3 a6 11. f4 b5 12. O-O Qb6 13. Bh4 Qc7 14. g4 Nxe5 15. fxe5 Ne8 16. Bxe7 Qxe7 17. Qg2 f6 18. Qh3 g6 19. Qh4 Qg7 20. Nf3 fxe5 21. Nxe5 Nd6 22. Qg3 c4 23. Bc2 Qe7 24. Rxf8+ Rxf8 25. Rf1 Rxf1+ 26. Kxf1 a5 27. h4 b4 28. cxb4 axb4 29. Nf3 Ba6 30. Ke1 c3 31. b3 Bb5 32. Qe5 Nf7 33. Qb8+ Be8 34. Kf2 Kg7 35. Bd3 h6 36. Ke2 Bd7 37. Kf2 e5 38. Nxe5 Qxh4+ 39. Kf3 Bxg4+ 40. Nxg4 Ng5+ 41. Kf4 Ne6+ 42. Kf3 1/2-1/2

[Event "Niedersachsen-ch 2020"]
[Site "Verden-Aller"]
[Date "2020.01.02"]
[Round "1.10"]
[White "Lau, Udo"]
[Black "Gruender, Michael"]
[Result "1-0"]
[ECO "A40"]
[WhiteElo "2166"]
[BlackElo "1902"]
[Annotator "ChessBase"]
[PlyCount "58"]
[EventDate "2020.01.02"]
[EventType "swiss"]
[EventCountry "GER"]
[SourceTitle "playchess.com"]
[Source "ChessBase"]
[SourceQuality "1"]
[TimeControl "40/5400+30:1800+30"]

1. d4 e6 2. Nf3 Nf6 3. Bf4 c5 4. e3 b6 5. Be2 Bb7 6. O-O cxd4 7. exd4 d6 8. Nbd2 a6 9. h3 Be7 10. Re1 O-O 11. c3 Nbd7 12. a4 Re8 13. Qc2 Qc7 14. Rad1 Nf8 15. Bh2 Ng6 16. Bd3 Rac8 17. Ne4 Nd5 18. Qd2 Qc6 19. c4 Nf6 20. Nc3 Bf8 21. b3 Ba8 22. Rc1 d5 23. Bxg6 hxg6 24. cxd5 Nxd5 25. Ne2 Qb7 26. Rxc8 Rxc8 27. Rc1 Rxc1+ 28. Qxc1 Qc6 29. Qxc6 Bxc6 1-0

[Event "Niedersachsen-ch 2020"]
[Site "Verden-Aller"]
[Date "2020.01.02"]
[Round "1.11"]
[White "Kobs, Stephan"]
[Black "Haselhorst, Nils"]
[Result "1/2-1/2"]
[ECO "C77"]
[WhiteElo "1962"]
[BlackElo "1586"]
[Annotator "NA"]
[PlyCount "58"]
[EventDate "2020.01.02"]
[EventType "swiss"]
[EventCountry "GER"]
[SourceTitle "playchess.com"]
[Source "ChessBase"]
[SourceQuality "1"]
[TimeControl "40/5400+30:1800+30"]

1. e4 e5 2. Nf3 Nc6 3. Bb5 a6 4. Ba4 Nf6 5. d4 b5 6. Bb3 Nxe4 7. dxe5 Nc5 8. Bd5 Be7 9. O-O Bb7 10. Nc3 O-O 11. Re1 d6 12. exd6 Bxd6 13. Ng5 h6 14. Nge4 Nxe4 15. Nxe4 Na5 16. Bxb7 Nxb7 17. Nxd6 Qxd6 18. Qxd6 Nxd6 19. Bf4 Rfe8 20. Bxd6 cxd6 21. Kf1 Kf8 22. Rxe8+ Rxe8 23. Re1 Rxe1+ 24. Kxe1 Ke7 25. Kd2 Ke6 26. Kd3 Kd5 27. b3 f5 28. c3 g5 29. f3 Ke5 {Ke4+} 1/2-1/2

[Event "Niedersachsen-ch 2020"]
[Site "Verden-Aller"]
[Date "2020.01.02"]
[Round "1.12"]
[White "Busse, Lukas-Oliver"]
[Black "Roehrkasten, Reinhard"]
[Result "1/2-1/2"]
[ECO "B19"]
[WhiteElo "1585"]
[BlackElo "1903"]
[Annotator "NA"]
[PlyCount "113"]
[EventDate "2020.01.02"]
[EventType "swiss"]
[EventCountry "GER"]
[SourceTitle "playchess.com"]
[Source "ChessBase"]
[SourceQuality "1"]
[TimeControl "40/5400+30:1800+30"]

1. e4 c6 2. d4 d5 3. Nc3 dxe4 4. Nxe4 Bf5 5. Ng3 Bg6 6. h4 h6 7. Nf3 Nd7 8. h5 Bh7 9. Bd3 Bxd3 10. Qxd3 Ngf6 11. Bd2 e6 12. Ne4 Qc7 13. Nxf6+ Nxf6 14. O-O-O O-O-O 15. Qe2 Rd5 16. g4 Nxg4 17. c4 Rd8 18. Rdg1 Nf6 19. Bc3 Qf4+ 20. Qe3 Qxe3+ 21. fxe3 Kd7 22. Ne5+ Ke8 23. c5 Nd7 24. Nf3 Rg8 25. Bd2 Be7 26. e4 Kf8 27. Bf4 Nf6 28. e5 Nd5 29. Bd2 f5 30. Kd1 Kf7 31. Ke2 Rb8 32. Rb1 Rh8 33. b4 a6 34. a4 b5 35. a5 Rbg8 36. Rbg1 g5 37. hxg6+ Rxg6 38. Rxg6 Kxg6 39. Kf2 f4 40. Ne1 h5 41. Nd3 Kf5 42. Kf3 Bg5 43. Nf2 h4 44. Ne4 Be7 45. Rh3 Rg8 46. Nd6+ Kg6 47. Rh1 Kh5 48. Be1 Rg4 49. Nc8 Bd8 50. Nb6 Ne7 51. Nd7 Nf5 52. Bf2 Rg3+ 53. Bxg3 fxg3 54. Rd1 h3 55. Nf8 h2 56. Nxe6 Bg5 57. Ng7+ 1/2-1/2

[Event "Niedersachsen-ch 2020"]
[Site "Verden-Aller"]
[Date "2020.01.02"]
[Round "2.2"]
[White "Gentemann, Moritz"]
[Black "Voege, Tobias"]
[Result "0-1"]
[ECO "A13"]
[WhiteElo "2185"]
[BlackElo "2310"]
[Annotator "ChessBase"]
[PlyCount "96"]
[EventDate "2020.01.02"]
[EventType "swiss"]
[EventCountry "GER"]
[SourceTitle "playchess.com"]
[Source "ChessBase"]
[SourceQuality "1"]
[TimeControl "40/5400+30:1800+30"]

1. c4 e6 2. Nc3 d5 3. e3 c6 4. Nf3 Bd6 5. b3 Nf6 6. Bb2 O-O 7. Be2 Nbd7 8. Qc2 Re8 9. d4 Nf8 10. O-O Ng6 11. Rad1 b6 12. Rfe1 Bb7 13. e4 dxe4 14. Nxe4 Nxe4 15. Qxe4 Qc7 16. Qc2 Rad8 17. c5 Be7 18. Bd3 Rd5 19. b4 Rh5 20. g3 Rd8 21. Ne5 Nxe5 22. dxe5 bxc5 23. bxc5 Rd5 24. Be4 Rxc5 25. Qe2 g6 26. f4 Rb5 27. Bd4 Bb4 28. Rc1 Bxe1 29. Rxe1 Qa5 30. Bf2 Qc3 31. Qd1 Qa5 32. h4 c5 33. Bxb7 Rxb7 34. Qf3 Rd7 35. Qc6 Qc7 36. Qxc5 Qxc5 37. Bxc5 f6 38. Bd6 fxe5 39. Bxe5 Rf5 40. Re2 Rf8 41. Kf2 Rfd8 42. Bf6 Rc8 43. Rxe6 Rc2+ 44. Kf3 Rxa2 45. Kg4 Ra3 46. Re4 h5+ 47. Kh3 Rdd3 48. Kh2 Ra2+ 0-1

[Event "Niedersachsen-ch 2020"]
[Site "Verden-Aller"]
[Date "2020.01.02"]
[Round "2.3"]
[White "Schulze, Torben"]
[Black "Hartogh, Christian"]
[Result "1-0"]
[ECO "B20"]
[WhiteElo "2266"]
[BlackElo "2075"]
[Annotator "NA"]
[PlyCount "77"]
[EventDate "2020.01.02"]
[EventType "swiss"]
[EventCountry "GER"]
[SourceTitle "playchess.com"]
[Source "ChessBase"]
[SourceQuality "1"]
[TimeControl "40/5400+30:1800+30"]

1. e4 c5 2. g3 d5 3. exd5 Qxd5 4. Nf3 Bg4 5. Bg2 Qe6+ 6. Kf1 Nc6 7. h3 Bh5 8. Nc3 Nf6 9. d3 Qd7 10. Bf4 e6 11. g4 Bg6 12. Ne5 Nxe5 13. Bxe5 O-O-O 14. Qf3 Nd5 15. a4 f6 16. Bg3 $15 Nxc3 17. bxc3 e5 18. Rb1 e4 19. dxe4 Bf7 20. e5 Bd5 21. Qxd5 Qxd5 22. Bxd5 Rxd5 23. Ke2 Be7 24. Rhd1 Rxd1 25. Rxd1 Re8 26. Rd5 b6 27. Kd3 Bd8 28. exf6 Bxf6 29. g5 Bd8 30. Be5 g6 31. f4 Bc7 32. Ke4 Re7 33. h4 Bxe5 34. fxe5 Kc7 35. Rd6 Rf7 36. Rf6 Re7 37. Kd5 Kd7 38. Rf8 Kc7 39. e6 1-0

[Event "Niedersachsen-ch 2020"]
[Site "Verden-Aller"]
[Date "2020.01.02"]
[Round "2.4"]
[White "Renner, Kai"]
[Black "Mueer, Sebastian"]
[Result "1/2-1/2"]
[ECO "B84"]
[WhiteElo "2180"]
[BlackElo "2223"]
[Annotator "ChessBase"]
[PlyCount "133"]
[EventDate "2020.01.02"]
[EventType "swiss"]
[EventCountry "GER"]
[SourceTitle "playchess.com"]
[Source "ChessBase"]
[SourceQuality "1"]
[TimeControl "40/5400+30:1800+30"]

1. e4 c5 2. Nf3 d6 3. d4 cxd4 4. Nxd4 Nf6 5. Nc3 a6 6. Be2 e6 7. O-O Be7 8. f4 Qc7 9. Be3 Nc6 10. Qe1 Nxd4 11. Bxd4 b5 12. a3 Bb7 13. Qg3 O-O 14. Rae1 Rad8 15. Kh1 Rfe8 16. Bd3 Rd7 17. e5 dxe5 18. Bxe5 Qd8 19. f5 Bd6 20. Qh4 Bxe5 21. Rxe5 Rd4 22. Qe1 Ng4 23. Re2 Qd6 24. Qg3 Qxg3 25. hxg3 e5 26. Be4 Bxe4 27. Nxe4 f6 28. Nf2 Nh6 29. c3 Nxf5 30. Kh2 Rd7 31. Ng4 Nd6 32. Rxf6 h5 33. Rxe5 Red8 34. Rxh5 gxf6 35. Nxf6+ Kf7 36. Nxd7 Rxd7 37. a4 Rb7 38. Rh7+ Ke6 39. Rxb7 Nxb7 40. axb5 axb5 41. g4 Nc5 42. Kg3 Ke5 43. Kf3 Na4 44. Ke3 Nxb2 45. g5 Nc4+ 46. Ke2 Nd6 47. g6 Nf5 48. Kd3 Kd5 49. g4 Ng7 50. Kc2 Kc4 51. Kb2 Ne6 52. Kc2 Kd5 53. Kb3 Kc5 54. Kb2 Ng7 55. Kb3 Ne8 56. Kb2 Nf6 57. g7 Ng8 58. Kb3 Ne7 59. Ka3 Kc4 60. Kb2 Ng8 61. Kc2 Nh6 62. Kb2 Kd5 63. Kb3 Kc5 64. Kb2 Ng8 65. Kb3 Ne7 66. Ka3 Kc6 67. Kb3 1/2-1/2

[Event "Niedersachsen-ch 2020"]
[Site "Verden-Aller"]
[Date "2020.01.02"]
[Round "2.5"]
[White "Pubantz, Jan"]
[Black "Bargsten, Justus"]
[Result "1-0"]
[ECO "E06"]
[WhiteElo "2233"]
[BlackElo "2002"]
[Annotator "ChessBase"]
[PlyCount "51"]
[EventDate "2020.01.02"]
[EventType "swiss"]
[EventCountry "GER"]
[SourceTitle "playchess.com"]
[Source "ChessBase"]
[SourceQuality "1"]
[TimeControl "40/5400+30:1800+30"]

1. d4 Nf6 2. c4 e6 3. g3 d5 4. Bg2 Be7 5. Nf3 O-O 6. Nc3 b6 7. O-O Bb7 8. cxd5 exd5 9. Bf4 c6 10. Qc2 Na6 11. a3 Nc7 12. Rfd1 Ne6 13. Be5 Rc8 14. Bh3 Nd7 15. e4 Nxe5 16. dxe5 Qc7 17. exd5 cxd5 18. Qb3 d4 19. Nb5 Bxf3 20. Nxc7 Bxd1 21. Rxd1 Nc5 22. Nd5 Nxb3 23. Nxe7+ Kh8 24. Nxc8 Rd8 25. Nd6 Kg8 26. Bg2 1-0

[Event "Niedersachsen-ch 2020"]
[Site "Verden-Aller"]
[Date "2020.01.02"]
[Round "2.6"]
[White "Riemay, David"]
[Black "Tonndorf, Matthias"]
[Result "1-0"]
[ECO "A46"]
[WhiteElo "2139"]
[BlackElo "2188"]
[Annotator "ChessBase"]
[PlyCount "81"]
[EventDate "2020.01.02"]
[EventType "swiss"]
[EventCountry "GER"]
[SourceTitle "playchess.com"]
[Source "ChessBase"]
[SourceQuality "1"]
[TimeControl "40/5400+30:1800+30"]

1. d4 Nf6 2. Nf3 e6 3. e3 b6 4. Bd3 Bb7 5. O-O Be7 6. Nbd2 c5 7. b3 O-O 8. Bb2 cxd4 9. exd4 d6 10. Re1 Nbd7 11. c4 Re8 12. a3 Bf8 13. b4 g6 14. Rc1 Rc8 15. Qb3 Rc7 16. h4 Qa8 17. Ng5 Qd8 18. Rcd1 h6 19. Nh3 Bg7 20. Nf4 Nf8 21. Bb1 Qa8 22. Qg3 Rce7 23. Nd3 e5 24. c5 dxc5 25. dxe5 N6d7 26. Nc4 Rd8 27. h5 Bd5 28. Ne3 Bb3 29. hxg6 fxg6 30. Rc1 cxb4 31. axb4 Rc8 32. f4 Be6 33. Nf2 Rxc1 34. Rxc1 a5 35. Nfg4 Bxg4 36. Nxg4 axb4 37. f5 Qb8 38. Qb3+ Kh7 39. f6 Re6 40. fxg7 Kxg7 41. Qe3 1-0

[Event "Niedersachsen-ch 2020"]
[Site "Verden-Aller"]
[Date "2020.01.02"]
[Round "2.7"]
[White "Hampel, Felix"]
[Black "Stotyn, Fabian"]
[Result "1/2-1/2"]
[ECO "E18"]
[WhiteElo "2290"]
[BlackElo "2198"]
[Annotator "NA"]
[PlyCount "95"]
[EventDate "2020.01.02"]
[EventType "swiss"]
[EventCountry "GER"]
[SourceTitle "playchess.com"]
[Source "ChessBase"]
[SourceQuality "1"]
[TimeControl "40/5400+30:1800+30"]

1. c4 Nf6 2. Nf3 e6 3. d4 b6 4. g3 Bb7 5. Bg2 Be7 6. O-O O-O 7. Nc3 d5 8. Ne5 Nbd7 9. Qa4 c6 10. Rd1 Nxe5 11. dxe5 Nd7 12. e4 dxc4 13. Qxc4 Qc8 14. f4 Ba6 15. Qb3 Rd8 16. Be3 $11 Nc5 17. Qc2 Qc7 18. b4 Bd3 19. Qf2 Nb7 20. a3 c5 21. Rac1 Bc4 22. Nd5 exd5 23. exd5 cxb4 24. d6 Nxd6 25. exd6 Bxd6 26. Bxa8 Rxa8 27. Qd2 Bf8 28. axb4 b5 29. Ra1 h5 30. Qd7 Qxd7 31. Rxd7 Bxb4 32. Rdxa7 Rxa7 33. Rxa7 Bc3 34. Rc7 Bf6 35. Kf2 Kh7 36. Rc5 g6 37. f5 gxf5 38. Rxf5 Kg6 39. Rc5 Be7 40. Rc6+ Be6 41. Bc5 Bxc5+ 42. Rxc5 b4 43. Ke3 b3 44. Rb5 h4 45. g4 Bxg4 46. Rxb3 Be6 47. Rb8 h3 48. Ke4 1/2-1/2

[Event "Niedersachsen-ch 2020"]
[Site "Verden-Aller"]
[Date "2020.01.02"]
[Round "2.8"]
[White "Schmidt, Dennis"]
[Black "Ewert, Hannes"]
[Result "1/2-1/2"]
[ECO "C28"]
[WhiteElo "2043"]
[BlackElo "2256"]
[Annotator "NA"]
[PlyCount "73"]
[EventDate "2020.01.02"]
[EventType "swiss"]
[EventCountry "GER"]
[SourceTitle "playchess.com"]
[Source "ChessBase"]
[SourceQuality "1"]
[TimeControl "40/5400+30:1800+30"]

1. e4 e5 2. Nc3 Nc6 3. Bc4 Nf6 4. d3 Bb4 5. Nge2 d5 6. exd5 Nxd5 7. O-O Nxc3 8. Nxc3 O-O 9. Ne4 Bf5 10. a3 Be7 11. Be3 Qd7 12. Nc5 $11 Bxc5 13. Bxc5 Rfe8 14. Re1 a6 15. Qf3 Be6 16. Rad1 Rad8 17. h3 b5 18. Bxe6 Rxe6 19. Rd2 Rf6 20. Qg4 Qd5 21. b4 a5 22. Qe4 Re6 23. Qxd5 Rxd5 24. f3 f6 25. Rde2 axb4 26. axb4 Kf7 27. Kf2 Nb8 28. f4 Nd7 29. d4 Nxc5 30. dxc5 Rd4 31. Re4 f5 32. Rxd4 exd4 33. Ra1 c6 34. Ra7+ Re7 35. Ra6 Re6 36. Ra7+ Re7 37. Ra6 1/2-1/2

[Event "Niedersachsen-ch 2020"]
[Site "Verden-Aller"]
[Date "2020.01.02"]
[Round "2.9"]
[White "Balazs, Balint"]
[Black "Brunner, Wilken"]
[Result "1-0"]
[ECO "A45"]
[WhiteElo "2158"]
[BlackElo "1978"]
[Annotator "NA"]
[PlyCount "87"]
[EventDate "2020.01.02"]
[EventType "swiss"]
[EventCountry "GER"]
[SourceTitle "playchess.com"]
[Source "ChessBase"]
[SourceQuality "1"]
[TimeControl "40/5400+30:1800+30"]

1. d4 Nf6 2. Nc3 c5 3. d5 e5 4. e4 d6 5. Bd3 g6 6. h3 Bg7 7. Nf3 O-O 8. O-O Nbd7 9. Nd2 a6 10. a4 b6 11. Nc4 Ne8 12. f4 f5 13. exf5 gxf5 14. Ne3 e4 15. Bc4 Qh4 16. Bd2 Bd4 17. Qe1 Qh6 18. Ncd1 Ng7 19. c3 Bxe3+ 20. Nxe3 Nf6 21. b4 Kh8 22. bxc5 bxc5 23. Rb1 Nfh5 24. Qh4 Qg6 25. Rb6 Ra7 26. Rfb1 Rg8 27. Be2 Ng3 28. Bd1 h6 29. Be1 N7h5 30. R1b2 Rag7 31. c4 Kh7 32. Bc3 Rd7 33. a5 Rf7 34. Be5 dxe5 35. Rxg6 Rxg6 36. Bxh5 Nxh5 37. Qxh5 exf4 38. Nd1 Rfg7 39. Qh4 f3 40. Ne3 f4 41. Qxf4 Bxh3 42. Qxe4 Bxg2 43. Nxg2 fxg2 44. Rxg2 1-0